 Dungeon Crawl Stone Soup version 0.17.2-1-ge4368a0 (webtiles) character file.

53 ololoev the Skirmisher (level 3, 0/29 HPs)
             Began as a Demonspawn Fighter on Oct 25, 2016.
             Was an Initiate of Makhleb.
             Succumbed to a scorpion's poison
             ... on level 4 of the Dungeon.
             The game lasted 00:03:54 (635 turns).

ololoev the Skirmisher (Demonspawn Fighter)          Turns: 635, Time: 00:03:54

Health: 0/29       AC:  7    Str: 22    XL:     3   Next: 62%
Magic:  1/4        EV:  9    Int:  9    God:    Makhleb [......]
Gold:   63         SH:  0    Dex: 12    Spells: 0 memorised, 2 levels left

rFire  . . .     SeeInvis .     a - +0 war axe
rCold  . . .     Clarity  +     b - +0 scale mail
rNeg   . . .     SustAt   .     (no shield)
rPois  .         Gourm    .     (no helmet)
rElec  .         Spirit   +     (no cloak)
rCorr  .         Warding  .     (no gloves)
rMut   .         Rnd*Tele +     (no boots)
MR     .....                    h - amulet of clarity
Stlth  ..........               (no ring)
                                k - ring of teleportation (curse)

@: mighty, lethally poisoned (0 -> -12), not resistant to hostile enchantments,
extremely unstealthy
A: rugged brown scales 1, magic shield
a: Renounce Religion, Evoke Teleportation


Innate Abilities, Weirdness & Mutations

You are partially covered in rugged brown scales (AC +1, +3% HP).
When hurt, damage is shared between your health and your magic reserves.

Inventory:

Hand Weapons
 a - a +0 war axe (weapon)
Armour
 b - a +0 scale mail (worn)
Jewellery
 h - an amulet of clarity (around neck)
 k - a cursed ring of teleportation (left hand)
Scrolls
 g - 2 scrolls of identify {unknown}
 i - a scroll of enchant armour {unknown}
 j - a scroll of fog {unknown}
Potions
 c - 2 potions of curing {unknown}
 f - 2 potions of heal wounds {unknown}
Comestibles
 e - 4 bread rations


   Skills:
 + Level 3.5 Fighting
 * Level 2.6 Axes
 + Level 3.0 Armour
   Level 2.6 Shields
 + Level 1.3 Invocations


You had 2 spell levels left.
You didn't know any spells.


You were on level 4 of the Dungeon.
You worshipped Makhleb.
Makhleb was noncommittal.
You were not hungry.

You visited 1 branch of the dungeon, and saw 4 of its levels.

You collected 63 gold pieces.

#.# # #.# #. #.#
. #.###.######.#
#!...........
##.#.#<#.#.#....
..?.....†....#
..#.#.#.#.#†##
.......s@..#
#.#.#.#.#.##
#...........#
..#s#.#.#.#.#..
##...........###
##.#.#.#.#.#
.......?... .#.#
#.#.#

Notes
Turn   | Place    | Note
--------------------------------------------------------------
     0 | D:1      | ololoev the Demonspawn Fighter began the quest for the Orb.
     0 | D:1      | Reached XP level 1. HP: 18/18 MP: 1/1
   137 | D:2      | Gained mutation: When hurt, damage is shared between your health and your magic reserves. [demonic ancestry]
   137 | D:2      | Reached XP level 2. HP: 14/24 MP: 2/2
   158 | D:2      | Found a basalt altar of Yredelemnul.
   160 | D:2      | Found a burning altar of Makhleb.
   162 | D:2      | Found a blossoming altar of Fedhas.
   162 | D:2      | Found a shadowy altar of Dithmenos.
   164 | D:2      | Found an ancient bone altar of Kikubaaqudgha.
   164 | D:2      | Found a snail-covered altar of Cheibriados.
   164 | D:2      | Found a sparkling altar of Nemelex Xobeh.
   169 | D:2      | Became a worshipper of Makhleb the Destroyer
   301 | D:2      | Found an iron altar of Okawaru.
   619 | D:4      | Reached skill level 1 in Invocations
   619 | D:4      | Gained mutation: You are partially covered in rugged brown scales (AC +1, +3% HP). [demonic ancestry]
   619 | D:4      | Reached XP level 3. HP: 22/29 MP: 3/3
   622 | D:4      | Noticed a scorpion
   634 | D:4      | HP: 1/29 [poisoned by a scorpion]
   635 | D:4      | Succumbed to a scorpion's poison

Dungeon Overview and Level Annotations

Branches:
Dungeon (4/15)
 Temple: D:4-7

Altars:
Cheibriados
Dithmenos
Fedhas
Kikubaaqudgha
Makhleb
Nemelex Xobeh
Okawaru
Yredelemnul


Message History

A giant gecko comes into view.
Found a scroll labeled RYUPPUETHRU.
Things that are here:
a fizzy ruby potion; 13 gold pieces
c - 2 fizzy ruby potions (gained 1)
You now have 63 gold pieces (gained 13).
The giant gecko barely misses you.
You closely miss the giant gecko. The giant gecko barely misses you.
The scorpion stings you.
You are poisoned.
The scorpion poisons you!
You slash the scorpion!
The scorpion is heavily wounded.
You slash the giant gecko!
You kill the giant gecko!
Makhleb accepts your kill.
You feel sick.
The scorpion stings you but does no damage.
You barely miss the scorpion.
The scorpion is heavily wounded.
You feel sick.
The scorpion stings you but does no damage.
Your scale mail prevents you from hitting the scorpion.
The scorpion is heavily wounded.
You feel sick. The scorpion stings you.
The scorpion stings you but does no damage.
You closely miss the scorpion.
The scorpion is heavily wounded.
You feel sick. The scorpion stings you.
You hit the scorpion.
The scorpion is almost dead.
The scorpion barely misses you. The scorpion stings you!
You are more poisoned.
The scorpion poisons you!
You closely miss the scorpion.
The scorpion is almost dead.
You feel sick. The scorpion barely misses you.
You closely miss the scorpion.
The scorpion is almost dead.
You die...

You could see a scorpion.

Vanquished Creatures
  A worker ant (D:4)
  4 giant geckos
  3 bats
  A giant cockroach (D:1)
  3 goblins
  2 hobgoblins (D:1)
  5 kobolds
  A quokka (D:2)
  A giant gecko skeleton (D:4)
  2 giant newts
  2 rats (D:2)
25 creatures vanquished.

Action                   || total
-------------------------++-------
Melee: War axe           ||    70
  Use: Potion            ||     1

Vault maps used:
D:1:      denvon_arrival_hothouse
D:2:      lemuel_crystal_altar, grunt_temple_overflow_open, first_bread
D:3:      st_stairs_11, nemelex_spade_bored_becter, uniq_jessica
D:4:      nicolae_ru_the_path_less_chosen, st_stairs_10
